 Dungeon Crawl Stone Soup version 0.31.0-12-g77e489cdc1 (webtiles) character file.

Game seed: 10389563076683889453

150 H0rd4k the Insei (level 5, -1/5 HPs)
             Began as an Octopode Artificer on Feb 27, 2024.
             Slain by an adder (2 damage)
             ... on level 3 of the Dungeon.
             The game lasted 00:02:56 (2555 turns).

H0rd4k the Insei (Octopode Artificer)               Turns: 2555, Time: 00:02:57

Health: -1/5       AC:  1    Str: 12    XL:     5   Next: 32%
Magic:  5/5        EV: 13    Int: 15    God:
Gold:   134        SH:  0    Dex: 12    Spells: 4/4 levels left

rFire   . .          .
                       - Unarmed
rCold   . . .        (shield currently unavailable)
rNeg    . . .        (helmet restricted)
rPois   .            (no amulet)
rElec   .            (no ring)
rCorr   .            (no ring)
SInv    .            (no ring)
Will    .....        (no ring)
Stlth   +++          (no ring)
HPRegen 0.20/turn    (no ring)
MPRegen 0.09/turn    (no ring)
                     (no ring)

%: no passive effects
@: blade tentacles
A: reduced hp, almost no armour, amphibious, 8 rings, camouflage 1, gelatinous
body 1, (nimble swimmer 1), tentacles
a: Begin Untransformation


You were on level 3 of the Dungeon.
You had blades for main tentacles.
You visited 1 branch of the dungeon, and saw 3 of its levels.

You collected 134 gold pieces.

Inventory:

Magical Staves
 p - a staff of earth
Jewellery
 w - a ring of resist corrosion
Talismans
 n - a blade talisman (active)
Wands
 b - a wand of flame (12) (quivered)
 c - a wand of charming (14)
 d - a wand of iceblast (5)
 s - a wand of paralysis (8)
Scrolls
 a - 3 scrolls of teleportation {unknown}
 f - 2 scrolls of fog {unknown}
 g - 3 scrolls of identify {unknown}
 h - 2 scrolls of butterflies {unknown}
 k - a scroll of fear {unknown}
 l - a scroll of noise {unknown}
 m - a scroll of amnesia {unknown}
 q - a scroll of silence {unknown}
 u - 2 scrolls of enchant weapon {unknown}
Potions
 e - a potion of degeneration {unknown}
 i - 5 potions of curing {unknown}
 j - 2 potions of heal wounds {unknown}
 o - a potion of haste {unknown}
 r - a potion of enlightenment {unknown}
 t - a potion of lignification {unknown}
 v - a potion of invisibility {unknown}


   Skills:
 + Level 1.9 Fighting
 - Level 2.3 Dodging
 - Level 1.3 Stealth
 + Level 3.9 Unarmed Combat
 - Level 3.2 Evocations
 * Level 1.5 Shapeshifting


You had 4 spell levels left.
You didn't know any spells.
Your spell library contained the following spells:

 Spells                   Type           Power      Damage    Failure   Level
 Sandblast                Erth           0%         2d4       26%         1
 Shock                    Conj/Air       0%         1d3       26%         1
 Sublimation of Blood     Necr           0%         N/A       38%         2
 Dazzling Flash           Conj/Hex       0%         N/A       63%         3
 Mephitic Cloud           Conj/Alch/Air  0%         N/A       63%         3
 Passwall                 Erth           0%         N/A       63%         3
 Stone Arrow              Conj/Erth      0%         3d7       63%         3
 Swiftness                Air            0%         N/A       63%         3
 Airstrike                Air            0%         2d(0-16)  95%         4
 Brom's Barrelling Bould  Conj/Erth      0%         2d3       95%         4
 Petrify                  Alch/Erth      0%         N/A       95%         4
 Curse of Agony           Necr           0%         N/A       100%        5
 Irradiate                Conj/Alch      0%         3d11      100%        5
 Silence                  Hex/Air        0%         N/A       100%        5


Dungeon Overview and Level Annotations

Branches:
Dungeon (3/15)

Altars:
Cheibriados


Innate Abilities, Weirdness & Mutations

You have blades for main tentacles.
Your maximum health is decreased, since you lack skill for your form.
You are incapable of wielding weapons or throwing items.
You cannot wear most types of armour.
You are amphibious.
You can wear up to eight rings at the same time.
Your skin changes colour to match your surroundings (Stealth+).
Your rubbery body absorbs attacks. (AC +1, EV +1)
((You are camouflaged when in or above water. (Stealth+)))
You have tentacles for arms and can constrict up to eight enemies at once.


Message History

A kobold is nearby!
A kobold is nearby!
A kobold is nearby!
The helpless kobold fails to defend itself.
You tentacle-slap the kobold. Your grab misses the kobold.
The kobold is severely wounded.
The kobold closely misses you.
You tentacle-slap the kobold.
You kill the kobold!
Things that are here:
a +0 short sword; 2 stones; a kobold corpse You begin transforming.
You continue transforming. x3
Your main tentacles turn into razor-sharp scythe blades.
You open the door.
Found a sling and 4 stones.
There is an open door here.
v - a coppery potion You see here 4 stones.
w - a ring of resist corrosion You open the door.
There is an open door here.
A kobold and an adder come into view.
A bat comes into view.
Found a pink potion.
The bat completely misses you. The bat hits you but does no damage.
The bat hits you but does no damage.
You barely miss the bat. Your grab misses the bat. You slash the bat.
You kill the bat!
The helpless adder fails to defend itself.
You hit the adder. Your grab misses the adder.
The adder is heavily wounded.
The kobold shouts!
The adder bites you.
Ouch! That really hurt!
* * * LOW HITPOINT WARNING * * *
The kobold throws a stone.
The stone closely misses you.
You miss the adder. Your grab misses the adder. You squeeze the adder.
The adder is severely wounded.
The adder bites you.
You die...

.............###....
......###.....####
#####
#.......###.....###..
#.......###.....######
#.....:.####..#.####
#.K.....####.##.#
#.!..........#
#.........S.#
#.....@..# #.†......#
#### #.######## ....
#.# .... ...# #.######
.... ...# #......#
.... ...#######......#
.... ...+.....'......#
....
#...#######......#
....


You could see an adder and a kobold.

Vanquished Creatures
  An orc priest (D:2)
  3 adders
  3 ribbon worms
  2 orcs
  3 ball pythons
  6 bats
  7 endoplasms
  A giant cockroach (D:2)
  4 hobgoblins
  4 jackals (D:1)
  2 quokkas
  3 frilled lizards
  2 goblins
  6 kobolds
  8 rats
55 creatures vanquished.

Vanquished Creatures (collateral kills)
  An orc wizard (D:2)
  An orc (D:2)
  A bat (D:2)
3 creatures vanquished.

Grand Total: 58 creatures vanquished

Notes
Turn   | Place    | Note
-------+----------+-------------------------------------------
     0 | D:1      | H0rd4k the Octopode Artificer began the quest for the Orb.
     0 | D:1      | Reached XP level 1. HP: 13/13 MP: 1/1
    82 | D:1      | Reached skill level 1 in Unarmed Combat
   166 | D:1      | Reached XP level 2. HP: 8/18 MP: 2/2
   613 | D:1      | Reached XP level 3. HP: 23/23 MP: 3/3
  1580 | D:2      | Reached XP level 4. HP: 26/29 MP: 4/4
  1618 | D:2      | Reached skill level 1 in Shapeshifting
  1779 | D:2      | Reached XP level 5. HP: 20/34 MP: 5/5
  1987 | D:3      | Found a snail-covered altar of Cheibriados.
  2555 | D:3      | Slain by an adder

Illustrated notes

Levels and vault maps discovered:
D:1:      ebering_trefoil_3fold, layout_loops_corners
D:2:      minmay_alternating_diamond, layout_loops_cross, nrook_uturn
D:3:      layout_basic, slow_altar_1

Skill      XL: |  1  2  3  4 |
---------------+-------------+-----
Unarmed Combat | 1 2 3 |  3.9
Shapeshifting  | 1 |  1.5
Fighting       | |  1.9
Dodging        | |  2.3
Stealth        | |  1.3
Evocations     | |  3.2

Action                     |  1- 3 |  4- 6 || total
---------------------------+-------+-------++-------
  Melee: Unarmed           |    84 |    41 ||   125
         Constrict         |    17 |     8 ||    25
         Tentacles         |    19 |     9 ||    28
         Punch             |     2 |     1 ||     3
  Evoke: Wand              |     1 |     3 ||     4
   Stab: Sleeping          |     6 |     6 ||    12
 Armour: Skin              |    31 |    18 ||    49
  Dodge: Dodged            |    38 |    10 ||    48
   Form: Blade             |       |     2 ||     2
                           |       |     1 ||     1
